 Dungeon Crawl Stone Soup version 0.31-a0-358-gac0dbeb3ab (webtiles) character file.

Game seed: 1048193085382713753

350812 HallandMoats the Warmonger (level 21, -1/187 HPs)
             Began as a Demonspawn Fighter on July 26, 2023.
             Was a High Priest of Okawaru.
             Killed from afar by a frost giant (16 damage)
             ... with a bolt of cold
             ... on level 2 of the Vaults.
             The game lasted 02:52:49 (71888 turns).

HallandMoats the Warmonger (Demonspawn Fighter)    Turns: 71888, Time: 02:52:51

Health: -1/187     AC: 34    Str: 29    XL:     21   Next: 28%
Magic:  0/29       EV: 15    Int: 17    God:    Okawaru [*****.]
Gold:   2212       SH: 13    Dex: 15    Spells: 20/20 levels left

rFire   + + +        U - +9 demon whip (vamp)
rCold   + . .        m - +0 kite shield {reflect}
rNeg    + . .        C - +3 gold dragon scales of Taun {Harm rPois rF+ rC+ Regen+ MP-9 Int+6}
rPois   +            F - +2 hat {Will+}
rElec   +            s - +1 cloak of Hysteria {rF+ Dex+2}
rCorr   .            j - +0 pair of gloves of Lightning Storm {rF+}
SInv    +            (boots unavailable)
Will    +++..        p - amulet of faith Stlth
                     h - ring of Suspicion {rPois Str+3 SInv}
HPRegen 1.31/turn    E - ring "Vuafou" {rElec rN+ AC+4}
MPRegen 0.42/turn

%: harm (+30% outgoing, +20% incoming), reflection, guardian spirit, faith
@: heroic, studying 2 skills
A: hooves 3, repulsion field 2, icemail 2, torment resistance 1, magic shield,
magic regeneration, magic link, condensation shield, demonic willpower
}: 2/15 runes: decaying, gossamer
a: Renounce Religion, Heroism, Finesse, Duel


You were on level 2 of the Vaults.
You worshipped Okawaru.
Okawaru was extremely pleased with you.
You visited 7 branches of the dungeon, and saw 36 of its levels.
You also visited: Ossuary and Bailey.

You collected 7125 gold pieces.
You spent 4913 gold pieces at shops.

Inventory:

Hand Weapons
 a - the +8 storm bow {elec, penet}
   (You found it on level 13 of the Dungeon)
 b - the +6 spear of No Interval {flame, rElec rF+ rCorr}
   (You took it off a spriggan berserker on level 3 of the Depths)

   rF:        It protects you from fire.
   rElec:     It insulates you from electricity.
   rCorr:     It protects you from acid and corrosion.
 A - the +7 quarterstaff "Bovuq" {vamp, rN++ Int+3 Dex+2 Stlth-}
   (Okawaru gifted it to you on level 8 of the Dungeon)

   Int:       It affects your intelligence (+3).
   Dex:       It affects your dexterity (+2).
   rN:        It greatly protects you from negative energy.
   Stlth:     It makes you less stealthy.
 G - a +2 war axe of venom
 R - the +7 demon whip of Xaok {pain, rC++ rN+}
   (Okawaru gifted it to you on level 12 of the Dungeon)

   rC:        It greatly protects you from cold.
   rN:        It protects you from negative energy.
 U - a +9 vampiric demon whip (weapon)
Missiles
 f - 10 curare-tipped darts (quivered)
 l - 2 throwing nets
Armour
 c - the +0 pair of gloves of the Big Bang {Rampage Str+3}
   (Okawaru gifted it to you on level 3 of the Swamp)

   Str:       It affects your strength (+3).
   Rampage:   It bestows one free step when moving towards enemies.
 g - a scarf of resistance
 j - the +0 pair of gloves of Lightning Storm (worn) {rF+}
   (You acquired it on level 3 of the Dungeon)

   rF:        It protects you from fire.
 m - a +0 kite shield of reflection (worn)
 n - the +8 plate armour of Onoizifo {+Blink rPois Regen+}
   (Okawaru gifted it to you on level 1 of the Spider Nest)

   rPois:     It protects you from poison.
   +Blink:    It lets you blink.
   Regen:     It increases your rate of health regeneration.
 s - the +1 cloak of Hysteria (worn) {rF+ Dex+2}
   (Okawaru gifted it to you on level 5 of the Lair of Beasts)

   Dex:       It affects your dexterity (+2).
   rF:        It protects you from fire.
 C - the +3 gold dragon scales of Taun (worn) {Harm rPois rF+ rC+ Regen+ MP-9 Int+6}
   (Okawaru gifted it to you on level 4 of the Depths)

   Int:       It affects your intelligence (+6).
   rF:        It protects you from fire.
   rC:        It protects you from cold.
   rPois:     It protects you from poison.
   MP:        It affects your magic capacity (-9).
   Regen:     It increases your rate of health regeneration.
   Harm:      It increases damage dealt and taken.
 F - a +2 hat of willpower (worn)
 K - the +14 crystal plate armour of Inviolability {rC+ rN+ Int-5 Stlth+}
   (Okawaru gifted it to you on level 1 of the Depths)

   Int:       It affects your intelligence (-5).
   rC:        It protects you from cold.
   rN:        It protects you from negative energy.
   Stlth:     It makes you more stealthy.
Jewellery
 h - the ring of Suspicion (left hand) {rPois Str+3 SInv}
   (You bought it in a shop on level 2 of the Orcish Mines)

   [ring of see invisible]

   Str:       It affects your strength (+3).
   rPois:     It protects you from poison.
   SInv:      It lets you see invisible.
 k - a ring of flight
 p - an amulet of faith (around neck)
 x - the amulet of Ziem Puu {Reflect +Inv Int+3 SH+5 Stlth-}
   (You found it on level 14 of the Dungeon)

   [amulet of reflection]

   It reflects blocked missile attacks.
   Int:       It affects your intelligence (+3).
   +Inv:      It lets you turn invisible.
   SH:        It affects your SH (+5).
   Stlth:     It makes you less stealthy.
 E - the ring "Vuafou" (right hand) {rElec rN+ AC+4}
   (You bought it in a shop on level 8 of the Dungeon)

   [ring of protection]

   AC:        It affects your AC (+4).
   rElec:     It insulates you from electricity.
   rN:        It protects you from negative energy.
 I - the brooch of Shielding {Spirit SH+8}
   (You found it on level 11 of the Dungeon)

   [amulet of guardian spirit]

   It causes incoming damage to be divided between your reserves of health and
   magic.
   SH:        It affects your SH (+8).
 O - a ring of protection from fire
 Y - the ring "Depsic" {rElec EV+5 Int+3 Dex+3}
   (You found it on level 5 of the Lair of Beasts)

   [ring of evasion]

   EV:        It affects your evasion (+5).
   Int:       It affects your intelligence (+3).
   Dex:       It affects your dexterity (+3).
   rElec:     It insulates you from electricity.
Wands
 H - a wand of iceblast (48)
 Q - a wand of digging (8)
 S - a wand of mindburst (32)
 Z - a wand of quicksilver (4)
Scrolls
 d - a scroll of fear
 t - 2 scrolls of revelation
 u - a scroll of enchant weapon
 y - 8 scrolls of amnesia
 D - 5 scrolls of immolation
 L - 2 scrolls of enchant armour
 M - 6 scrolls of fog
 T - 4 scrolls of poison
 V - 10 scrolls of identify
 W - 4 scrolls of teleportation
Potions
 e - 3 potions of mutation
 i - 5 potions of brilliance
 o - 3 potions of heal wounds
 q - 15 potions of curing
 r - 2 potions of invisibility
 v - a potion of might
 w - 5 potions of enlightenment
 z - 7 potions of cancellation
 N - 2 potions of magic
 P - 4 potions of ambrosia
 X - 2 potions of berserk rage
Miscellaneous
 B - a phantom mirror
 J - a box of beasts


   Skills:
 + Level 21.5(26.5) Fighting
 - Level 1.7(6.7) Polearms
 - Level 15.5(20.5) Ranged Weapons
 + Level 11.1(16.1) Armour
 + Level 10.6(15.6) Dodging
 - Level 10.3(15.3) Shields
 * Level 6.5 Necromancy
 + Level 26.6 Invocations


You had 20 spell levels left.
You didn't know any spells.
Your spell library contained the following spells:

 Spells                   Type           Power      Damage    Failure   Level
 Kiss of Death            Conj/Necr      44%        2d8       80%         1
 Cigotuvi's Dreadful Rot  Necr/Pois/Air  14%        N/A       97%         2
 Dispel Undead            Necr           22%        3d12      98%         4
 Apportation              Tloc           0%         N/A       99%         1
 Freeze                   Ice            0%         1d3       99%         1
 Magic Dart               Conj           0%         1d3       99%         1
 Sandblast                Erth           0%         2d4       99%         1
 Lesser Beckoning         Tloc           0%         N/A       100%        2
 Passwall                 Tmut/Erth      0%         N/A       100%        2
 Scorch                   Fire           0%         2d5       100%        2
 Searing Ray              Conj           0%         2d4       100%        2
 Static Discharge         Conj/Air       0%         2-2/arc   100%        2
 Confusing Touch          Hex            0%         N/A       100%        3
 Frozen Ramparts          Ice            0%         1d1       100%        3
 Gell's Gravitas          Tloc           0%         N/A       100%        3
 Hailstorm                Conj/Ice       0%         3d3       100%        3
 Ignite Poison            Fire/Tmut/Pois 0%         N/A       100%        3
 Inner Flame              Hex/Fire       0%         N/A       100%        3
 Ozocubu's Armour         Ice            0%         N/A       100%        3
 Portal Projectile        Hex/Tloc       0%         N/A       100%        3
 Stone Arrow              Conj/Erth      0%         3d7       100%        3
 Teleport Other           Tloc           0%         N/A       100%        3
 Vhi's Electric Charge    Tloc/Air       0%         N/A       100%        3
 Airstrike                Air            0%         2d(0-16)  100%        4
 Flame Wave               Conj/Fire      0%         2d4       100%        4
 Fulminant Prism          Conj/Hex       0%         3d5       100%        4
 Leda's Liquefaction      Hex/Erth       0%         N/A       100%        4
 Passage of Golubria      Tloc           0%         N/A       100%        4
 Sticky Flame             Conj/Fire      0%         2d3       100%        4
 Alistair's Intoxication  Tmut/Pois      0%         N/A       100%        5
 Freezing Cloud           Conj/Ice/Air   0%         6-21      100%        5
 Lee's Rapid Deconstruct  Erth           0%         3d4*      100%        5
 Silence                  Hex/Air        0%         N/A       100%        5
 Ozocubu's Refrigeration  Ice            0%         4d7       100%        7
 Lehudib's Crystal Spear  Conj/Erth      0%         10d2      100%        8
 Call Canine Familiar     Summ           Unusable   N/A       N/A         3
 Animate Armour           Summ/Erth      Unusable   N/A       N/A         4
 Summon Lightning Spire   Summ/Air       Unusable   N/A       N/A         4
 Summon Forest            Summ/Tloc      Unusable   N/A       N/A         5
 Summon Cactus Giant      Summ           Unusable   N/A       N/A         6

Dungeon Overview and Level Annotations

Branches:
Dungeon (15/15)            Temple (0/1) D:5            Lair (5/5) D:11
  Swamp (4/4) Lair:2       Spider (4/4) Lair:3        Slime (0/5) Lair:5
    Orc (2/2) D:10            Elf (0/3) Orc:2        Vaults (2/5) D:13
 Depths (4/4) D:15            Zot (0/5) Depths:4    Ossuary (visited)
 Bailey (visited)
  Crypt: Vaults:2-3

Altars:
Gozag
Hepliaklqana
Makhleb
Nemelex Xobeh
Okawaru
Qazlal
Ru
Sif Muna
Uskayaw
Xom
Yredelemnul
Jiyva
Lugonu

Shops:
D:2 =   D:3 **   D:8 =   D:10 (   D:12 [   D:14 !   Orc:2 =*=([   Vaults:1 [?
Depths:1 *

Portals:
Hell: Depths:1 Depths:2 Depths:3 Depths:4
Abyss: Lair:5 Depths:3
Pandemonium: Depths:2
Ziggurat: Depths:2


Innate Abilities, Weirdness & Mutations

You have hooves in place of feet.
You are surrounded by a moderate repulsion field. (EV +3)
A meltable icy envelope protects you from harm. (AC +0)
You are resistant to unholy torment.
When hurt, damage is shared between your health and your magic reserves.
You regenerate magic rapidly.
When low on magic, you restore magic in place of health.
A meltable shield of frost defends you. (SH +0)
You punish those that try to bend your will. (Will+)


Message History

You block the tengu reaver's attack. The tengu reaver pecks you.
The tengu reaver misses you.
The tengu reaver hits you with a +3 battleaxe of venom!!
The tengu reaver pecks you but does no damage.
The tengu reaver claws you but does no damage.
The tengu reaver blocks your attack. x2
The tengu reaver is heavily wounded.
A war gargoyle breaks down the door.
The frost giant hits you with a +2 battleaxe of freezing.
The frost giant freezes you.
The vault warden hits you with a +0 battleaxe!
The tengu reaver hits you but does no damage.
The tengu reaver pecks you but does no damage.
The tengu reaver claws you but does no damage.
You whack the tengu reaver! You kick the tengu reaver.
The tengu reaver is severely wounded.
The tengu reaver gestures at you while chanting.
The bolt of poison hits you!
You are poisoned.
You resist.
* * * LOW HITPOINT WARNING * * *
The frost giant hits you with a +2 battleaxe of freezing!
* * * LOW HITPOINT WARNING * * *
The frost giant freezes you.
* * * LOW HITPOINT WARNING * * *
The ironbound preserver mumbles some strange words.
The ironbound preserver begins to accept its allies' injuries.
The vault warden activates a sealing rune.
A door slams shut!
The tengu reaver gestures at you while chanting.
The bolt of acid hits you!!
* * * LOW HITPOINT WARNING * * *
Unknown command.
You feel better. The tengu reaver barely misses you.
You block the tengu reaver's attack. x2
The ironbound preserver gestures wildly while chanting.
The ironbound preserver begins to accept its allies' injuries.
The frost giant gestures at you while chanting.
The bolt of cold hits you! You resist.
You die...

#. ' #..# #... ...
####+##########
#......p......#
#....9pQ......#
#....pQ@......#
#.....C.......#
#.............#
#.............#
#...$.).(.....#
#.............#
################+#######
..................#
..................#


You could see 2 ironbound preservers, a frost giant (sheltered), a vault warden
(sheltered), 2 tengu reavers and a war gargoyle (sheltered).

Vanquished Creatures
  Sojobo (Depths:3)
  Frederick (Vaults:2)
  Saint Roka (Orc:2)
  Xtahua (Depths:3)
  Nikola (Swamp:3)
  A bone dragon (Depths:4)
  5 tentacled monstrosities
  Rupert (Orc:2)
  A walking earthen tome (Depths:4)
  A titan (Depths:3)
  A lich (Depths:4)
  A sphinx (Depths:1)
  An ancient champion (Depths:1)
  4 tengu reavers
  2 thorn hunters (Swamp:4)
  Donald (Orc:2)
  2 storm dragons
  Kirke (D:15)
  The ghost of Brisketman the Brawler, a journeyman TrSh of Wu Jian (Spider:1)
  A shadow dragon (Depths:4)
  5 emperor scorpions
  5 fire giants
  3 iron dragons
  4 frost giants
  8 ghost moths
  3 vault wardens
  2 orc warlords
  9 ironbound preservers
  33 very ugly things
  2 draconian annihilators (Depths:4)
  A broodmother (Spider:4)
  A spriggan defender (Depths:3)
  3 ironbound thunderhulks
  14 stone giants
  Nessos (D:14)
  2 vampire knights
  Azrael (D:15)
  A black draconian (Depths:4)
  3 eleionomae
  2 red draconians (Depths:4)
  10 bunyips
  3 dire elephants (Vaults:2)
  19 spark wasps
  5 ettins
  3 yaktaur captains
  Josephine (D:15)
  A great orb of eyes (Vaults:1)
  3 entropy weavers (Spider:2)
  4 fire dragons
  The ghost of Akhlyck the Cleaver, a journeyman HOMo of Beogh (D:11)
  A shambling mangrove (Swamp:4)
  4 rakshasas
  A hell beast (Depths:1)
  6 ice dragons
  19 hydras
  Erolcha (D:8)
  2 ironbound frosthearts (Vaults:2)
  4 vault guards
  4 centaur warriors
  5 boulder beetles
  A ghost crab (Swamp:3)
  3 radroaches
  5 jorogumos
  13 alligators
  A hell hog (Depths:1)
  7 death scarabs (Spider:4)
  10 tengu warriors
  5 two-headed ogres
  4 deep troll shamans
  A vampire mage (D:12)
  4 death yaks
  8 deep troll earth magi
  3 thrashing horrors (Lair:5)
  2 orc high priests (Orc:2)
  3 spriggan berserkers
  Urug (Lair:3)
  7 demonic crawlers
  Nergalle (Lair:3)
  2 hell knights
  5 iron trolls
  10 pharaoh ants
  2 sixfirhies (D:13)
  12 skeletal warriors
  3 skysharks
  2 goliath frogs
  A sun moth (Spider:2)
  42 deep trolls
  2 spriggan druids
  A deep elf archer (Orc:2)
  3 glowing orange brains
  A lindwurm (shapeshifter) (Lair:5)
  7 orb spiders
  17 slime creatures
  4 steelbarb worms
  2 phantasmal warriors (D:15)
  An ironbound convoker (Vaults:1)
  2 bog bodies
  4 wizards (Vaults:1)
  13 swamp dragons
  3 spectral wolf spiders (Spider:4)
  2 necromancers
  5 lindwurms (Vaults:1)
  3 deep elf zephyrmancers
  Pikel (D:7)
  A wolf spider zombie (Spider:4)
  3 deep elf pyromancers
  6 cyclopes
  5 orc knights
  3 will-o-the-wisps
  17 wolf spiders
  4 orc sorcerers
  A manticore (D:10)
  46 ugly things
  Maurice (Orc:2)
  Joseph (D:8)
  A large abomination (Lair:5)
  10 elephants
  6 black mambas
  4 moths of wrath
  4 torpor snails
  2 water nymphs (Swamp:1)
  11 cane toads
  8 vault sentinels
  A frost giant skeleton (Depths:1)
  A gargoyle (D:13)
  2 smoke demons (Lair:5)
  A rime drake (Lair:3)
  An unseen horror (D:13)
  13 yaktaurs
  2 human zombies (Vaults:2)
  A freezing wraith (D:11)
  A spectral redback (Spider:4)
  11 komodo dragons
  A yaktaur (shapeshifter) (D:10)
  4 tengu conjurers
  A troll (shapeshifter) (D:13)
  A yaktaur skeleton (Vaults:2)
  6 trolls
  A merfolk (shapeshifter) (Depths:1)
  A bloated husk (Swamp:1)
  2 spectral jumping spiders (Spider:4)
  3 meliai
  10 tyrant leeches
  A culicivora zombie (Spider:4)
  22 tarantellas
  16 hornets
  7 polar bears
  2 spectral culicivoras (Spider:4)
  2 tarantella zombies (Spider:4)
  31 blink frogs
  Grinder (D:6)
  5 raiju
  5 dream sheep (Lair:4)
  A human simulacrum (Vaults:2)
  A spriggan zombie (Depths:1)
  3 jumping spider zombies (Spider:4)
  Sigmund (D:2)
  9 spriggans
  26 culicivoras
  7 vampires (D:12)
  21 jumping spiders
  3 shadows
  4 wyverns
  9 wraiths
  3 hogs (D:15)
  A golden eye (shapeshifter) (D:14)
  A yak (shapeshifter) (Lair:5)
  8 basilisks
  49 yaks
  3 chaos spawn (Lair:5)
  A fire elemental (D:15)
  The ghost of hashsling the Slasher, an amateur HuGl (D:3)
  A redback (shapeshifter) (Depths:3)
  A steam dragon (D:7)
  A human (shapeshifter) (D:13)
  48 redbacks
  10 vampire mosquitoes
  7 small abominations (Lair:5)
  19 swamp worms
  A swamp worm (shapeshifter) (Depths:3)
  An acid dragon (D:10)
  3 wargs
  8 water moccasins
  7 hell hounds (D:15)
  A floating eye (shapeshifter) (Depths:3)
  8 swamp drakes
  3 sky beasts
  45 orc warriors
  An ice beast (D:7)
  3 black bears
  5 boggarts
  11 ogres
  9 centaurs
  14 wolves
  A lemure (D:7)
  13 kobold brigands
  11 bullfrogs
  A human skeleton (Vaults:2)
  A glowing shapeshifter simulacrum (Depths:1)
  6 gnoll sergeants
  9 wights
  5 scorpions
  14 killer bees
  3 howler monkeys
  3 electric eels (D:11)
  3 centaur zombies (Ossuary)
  14 orc priests
  3 hounds
  9 jellies
  A gnoll bouda (D:3)
  A sleepcap (D:5)
  3 iguanas
  21 orc wizards
  5 mummies (Ossuary)
  Robin (D:4)
  9 gnolls
  5 adders
  2 worms
  3 dart slugs
  47 orcs
  6 bats
  11 endoplasms
  23 goblins
  8 hobgoblins
  5 jackals
  31 kobolds
  2 quokkas
  5 ball pythons
  5 frilled lizards
  2 hobgoblin zombies (Ossuary)
  2 rats (D:3)
1401 creatures vanquished.

Vanquished Creatures (others)
  A spriggan druid (Swamp:4)
  4 bloated husks
  A kobold (D:9)
  30 foxfires
36 creatures vanquished.

Grand Total: 1437 creatures vanquished

Notes
Turn   | Place    | Note
-------+----------+-------------------------------------------
     0 | D:1      | HallandMoats the Demonspawn Fighter began the quest for the
                  | Orb.
     0 | D:1      | Reached XP level 1. HP: 18/18 MP: 1/1
    97 | D:1      | Reached skill level 1 in Invocations
   169 | D:1      | You fall into a shaft and drop 1 floor!
   193 | D:1      | Gained mutation: You are surrounded by a mild repulsion
                  | field. (EV +2) [demonic ancestry]
   193 | D:1      | Reached XP level 2. HP: 17/24 MP: 1/3
   322 | D:1      | Reached skill level 2 in Invocations
   889 | D:2      | Gained mutation: You regenerate magic rapidly. [demonic
                  | ancestry]
   889 | D:2      | Reached XP level 3. HP: 29/29 MP: 4/4
  1040 | D:2      | Found Darphest's Jewellery Shop.
  1332 | D:2      | Identified the +4 ring mail of Hubris {-Cast Harm rF++}
  1469 | D:2      | Noticed Sigmund
  1478 | D:2      | Killed Sigmund
  1479 | D:2      | Reached skill level 4 in Invocations
  1479 | D:2      | Gained mutation: A meltable shield of frost defends you.
                  | (SH +0) [demonic ancestry]
  1479 | D:2      | Reached XP level 4. HP: 31/38 MP: 4/7
  1479 | D:2      | Reached XP level 5. HP: 35/43 MP: 4/8
  1554 | D:2      | Reached skill level 5 in Fighting
  1554 | D:2      | Reached skill level 5 in Invocations
  1644 | D:3      | Found a large runed translucent door.
  1644 | D:3      | Found a large runed translucent door.
  1765 | D:3      | Found Huizy's Assorted Antiques.
  1993 | D:3      | Found an iron altar of Okawaru.
  1997 | D:3      | Became a worshipper of Warmaster Okawaru
  2136 | D:3      | Found a hazy altar of Hepliaklqana.
  2174 | D:3      | Noticed hashsling's ghost (amateur HuGl)
  2201 | D:3      | Found Custroxu's Assorted Antiques.
  2487 | D:3      | Gained mutation: When hurt, damage is shared between your
                  | health and your magic reserves. [demonic ancestry]
  2487 | D:3      | Reached XP level 6. HP: 41/51 MP: 8/10
  2532 | D:4      | Noticed Robin
  2562 | D:4      | Killed Robin
  2749 | D:4      | Reached skill level 6 in Invocations
  2900 | D:4      | Found a sand-covered staircase.
  2909 | Ossuary  | Entered an ossuary
  2924 | Ossuary  | Reached * piety under Okawaru
  2937 | Ossuary  | Gained mutation: You have large cloven feet. [demonic
                  | ancestry]
  2937 | Ossuary  | Reached XP level 7. HP: 19/58 MP: 3/12
  2954 | Ossuary  | Reached skill level 7 in Invocations
  3576 | D:5      | Entered Level 5 of the Dungeon
  3699 | D:5      | Reached ** piety under Okawaru
  3733 | D:5      | Reached skill level 8 in Invocations
  3891 | D:5      | Found a staircase to the Ecumenical Temple.
  3898 | D:5      | Gained mutation: You have hoof-like feet. [demonic
                  | ancestry]
  3898 | D:5      | Reached XP level 8. HP: 67/67 MP: 14/14
  4146 | D:6      | Reached skill level 9 in Invocations
  4188 | D:6      | HP: 1/68 [ogre/+0 giant spiked club (25)]
  4463 | D:6      | Reached *** piety under Okawaru
  4539 | D:3      | Bought a glowing trident for 117 gold pieces
  4722 | D:7      | Found a flagged portal.
  4741 | Bailey   | Entered a bailey
  4777 | Bailey   | Reached skill level 10 in Invocations
  5007 | Bailey   | Gained mutation: A meltable icy envelope protects you from
                  | harm. (AC +0) [demonic ancestry]
  5007 | Bailey   | Reached XP level 9. HP: 54/75 MP: 17/17
  5022 | Bailey   | Reached skill level 11 in Invocations
  5042 | Bailey   | Found a burning altar of Makhleb.
  5198 | D:7      | Found a shimmering altar of Xom.
  5212 | D:7      | Reached **** piety under Okawaru
  5241 | D:7      | Noticed Pikel
  5275 | D:7      | Killed Pikel
  5276 | D:7      | Reached skill level 12 in Invocations
  5397 | D:7      | Reached skill level 10 in Fighting
  5799 | D:7      | Reached ***** piety under Okawaru
  6025 | D:7      | Found a sparkling altar of Nemelex Xobeh.
  6109 | D:7      | Identified the +9 mace "Vaewk" {holy, +Blink MP+9 Int+2
                  | Stlth+}
  6127 | D:7      | Found a shimmering blue altar of Sif Muna.
  6156 | D:7      | Reached skill level 13 in Invocations
  6228 | D:8      | Got Sif Muna's Volume of the Mesa and the Tesseract
  6288 | D:6      | Noticed Grinder
  6290 | D:6      | Paralysed by Grinder for 2 turns
  6295 | D:6      | Paralysed by Grinder for 2 turns
  6305 | D:6      | Paralysed by Grinder for 3 turns
  6310 | D:6      | Killed Grinder
  6311 | D:6      | Gained mutation: When low on magic, you restore magic in
                  | place of health. [demonic ancestry]
  6311 | D:6      | Reached XP level 10. HP: 70/86 MP: 17/19
  6869 | D:8      | Identified the +7 quarterstaff "Bovuq" {vamp, rN++ Int+3
                  | Dex+2 Stlth-} (Okawaru gifted it to you on level 8 of the
                  | Dungeon)
  6869 | D:8      | Received a gift from Okawaru
  7010 | D:8      | Noticed Joseph
  7035 | D:8      | Killed Joseph
  7036 | D:8      | Reached skill level 14 in Invocations
  7230 | D:8      | Noticed a brown ugly thing
  7242 | D:8      | Killed a brown ugly thing
  7242 | D:8      | Reached ****** piety under Okawaru
  7242 | D:8      | Received a gift from Okawaru
  7243 | D:8      | Reached skill level 15 in Invocations
  7368 | D:8      | Found Eriuj's Jewellery Shoppe.
  7611 | D:8      | Bought the ring "Vuafou" {rElec rN+ AC+4} for 596 gold
                  | pieces
  7777 | D:8      | Gained mutation: You punish those that try to bend your
                  | will. (Will+) [demonic ancestry]
  7777 | D:8      | Reached XP level 11. HP: 84/96 MP: 19/22
  7833 | D:9      | Noticed Erolcha
  8141 | D:8      | Reached skill level 17 in Invocations
  8141 | D:8      | Gained mutation: You have hooves in place of feet. [demonic
                  | ancestry]
  8141 | D:8      | Reached XP level 12. HP: 106/106 MP: 22/24
  8170 | D:8      | Killed Erolcha
  8751 | D:9      | Found a stormy altar of Qazlal.
  8788 | D:10     | Entered Level 10 of the Dungeon
  8920 | D:10     | Noticed a two-headed ogre
  8924 | D:10     | Killed a two-headed ogre
  8924 | D:10     | Received a gift from Okawaru
  8929 | D:10     | Reached skill level 18 in Invocations
  9067 | D:10     | Noticed a two-headed ogre
  9074 | D:10     | Killed a two-headed ogre
  9171 | D:10     | Found Muitt's Antique Weapon Shop.
  9381 | D:10     | Found a staircase to the Orcish Mines.
  9695 | D:10     | Noticed a two-headed ogre
  9699 | D:10     | Killed a two-headed ogre
  9907 | D:11     | Found a runed translucent gate.
  9907 | D:11     | Found a runed translucent gate.
  9907 | D:11     | Found a runed translucent gate.
  9908 | D:11     | Noticed Akhlyck's ghost (journeyman HOMo)
  9912 | D:11     | Reached skill level 15 in Fighting
 10155 | D:11     | Found the brooch of Shielding {Spirit SH+8}
 10156 | D:11     | Found a staircase to the Lair.
 10183 | D:11     | Noticed a boulder beetle
 10226 | D:11     | Killed a boulder beetle
 10456 | D:11     | Noticed a two-headed ogre
 10467 | D:11     | Killed a two-headed ogre
 10468 | D:11     | Reached skill level 19 in Invocations
 11019 | D:12     | Noticed a boulder beetle
 11036 | D:12     | Killed a boulder beetle
 11195 | D:12     | Found Najess's Armour Shoppe.
 11269 | D:12     | Identified the +7 demon whip of Xaok {pain, rC++ rN+}
                  | (Okawaru gifted it to you on level 12 of the Dungeon)
 11269 | D:12     | Received a gift from Okawaru
 11270 | D:12     | Gained mutation: You are resistant to unholy torment.
                  | [demonic ancestry]
 11270 | D:12     | Reached XP level 13. HP: 53/116 MP: 18/26
 12434 | D:12     | Found a basalt altar of Yredelemnul.
 12722 | D:13     | Reached skill level 20 in Invocations
 13180 | D:13     | Found the +8 storm bow {elec, penet}
 13191 | D:13     | Received a gift from Okawaru
 15200 | Lair:1   | Entered Level 1 of the Lair of Beasts
 15540 | Lair:1   | Identified the +4 ring mail of the Modern Continents {Harm
                  | Will+} (Okawaru gifted it to you on level 1 of the Lair of
                  | Beasts)
 15540 | Lair:1   | Received a gift from Okawaru
 16335 | Lair:1   | Reached skill level 21 in Invocations
 16744 | Lair:2   | Found a staircase to the Swamp.
 18425 | Lair:3   | Gained mutation: You are surrounded by a moderate repulsion
                  | field. (EV +3) [demonic ancestry]
 18425 | Lair:3   | Reached XP level 14. HP: 95/128 MP: 26/28
 18678 | Lair:3   | Noticed Nergalle
 18688 | Lair:3   | Killed Nergalle
 19133 | Lair:3   | Noticed Urug
 19151 | Lair:3   | Killed Urug
 19303 | Lair:3   | Found a hole to the Spider Nest.
 20088 | Lair:4   | Reached skill level 22 in Invocations
 20121 | Lair:4   | Received a gift from Okawaru
 21259 | Lair:5   | Entered Level 5 of the Lair of Beasts
 21647 | Lair:5   | Found a viscous altar of Jiyva.
 21647 | Lair:5   | Found a staircase to the Slime Pits.
 22113 | Lair:5   | Received a gift from Okawaru
 22303 | Lair:5   | Identified the ring "Depsic" {rElec EV+5 Int+3 Dex+3}
 23140 | Lair:5   | Reached skill level 23 in Invocations
 23332 | Lair:5   | Identified the +1 cloak of Hysteria {rF+ Dex+2} (Okawaru
                  | gifted it to you on level 5 of the Lair of Beasts)
 23332 | Lair:5   | Received a gift from Okawaru
 23897 | Lair:5   | Gained mutation: A meltable icy envelope protects you from
                  | harm. (AC +0) [demonic ancestry]
 23897 | Lair:5   | Reached XP level 15. HP: 120/138 MP: 21/30
 23956 | Lair:5   | Found a corrupted altar of Lugonu.
 23956 | Lair:5   | Found a one-way gate to the infinite horrors of the Abyss.
 24330 | Orc:1    | Entered Level 1 of the Orcish Mines
 24855 | Orc:2    | Entered Level 2 of the Orcish Mines
 24868 | Orc:2    | Found a gate leading to a gauntlet.
 24869 | Orc:2    | Noticed Donald
 24904 | Orc:2    | Killed Donald
 25412 | Orc:2    | Noticed Rupert
 25433 | Orc:2    | Killed Rupert
 25464 | Orc:2    | Noticed Maurice
 25503 | Orc:2    | Killed Maurice
 25653 | Orc:2    | Noticed Saint Roka
 25908 | Orc:1    | Reached skill level 24 in Invocations
 26238 | Orc:2    | Killed Saint Roka
 26631 | Orc:2    | Found Vymiod's Jewellery Shoppe.
 26874 | Orc:2    | Identified the +5 scimitar of Arbitration {heavy, rC+}
 27085 | Orc:2    | HP: 7/140 [orc warrior/+0 battleaxe (4)]
 28514 | Orc:2    | Found Ugysyxke's Jewellery Shoppe.
 28538 | Orc:2    | Found Rijoufyri's Antique Weapon Shoppe.
 28587 | Orc:2    | Found a staircase to the Elven Halls.
 28723 | Orc:2    | Found Xuv Kipn's Antique Armour Shoppe.
 28739 | Orc:2    | Found Beuc's General Store.
 29177 | Orc:2    | Bought a translucent morningstar for 216 gold pieces
 29177 | Orc:2    | Identified the +0 morningstar of Ovutasch {drain, *Corrode
                  | rElec rN+ Int+3} (You bought it in a shop on level 2 of the
                  | Orcish Mines)
 29202 | Orc:2    | Bought the ring of Suspicion {rPois Str+3 SInv} for 552
                  | gold pieces
 29218 | Orc:2    | Bought a shiny scale mail for 203 gold pieces
 29221 | Orc:2    | Bought a polished leather armour for 203 gold pieces
 29221 | Orc:2    | Identified the +0 leather armour of the Gusle {Dex+2} (You
                  | bought it in a shop on level 2 of the Orcish Mines)
 29221 | Orc:2    | Bought a masterwork leather armour for 203 gold pieces
 29221 | Orc:2    | Identified the +0 leather armour "Nuweq" {rPois Dex+3} (You
                  | bought it in a shop on level 2 of the Orcish Mines)
 29239 | Orc:2    | Bought a +4 scale mail of willpower for 527 gold pieces
 29239 | Orc:2    | Bought a potion of curing for 51 gold pieces
 30130 | D:13     | Found a gate to the Vaults.
 30657 | D:14     | Found Obinooplolo's Distillery.
 30664 | D:14     | Bought a potion of curing for 42 gold pieces
 30664 | D:14     | Bought a potion of heal wounds for 70 gold pieces
 30668 | D:14     | Identified the amulet of Ziem Puu {Reflect +Inv Int+3 SH+5
                  | Stlth-}
 30887 | D:14     | Reached skill level 25 in Invocations
 31210 | D:14     | Received a gift from Okawaru
 31294 | D:14     | Found a sacrificial altar of Ru.
 32175 | D:14     | Reached XP level 16. HP: 150/150 MP: 32/32
 32506 | D:15     | Entered Level 15 of the Dungeon
 32532 | D:15     | Noticed Kirke
 32567 | D:15     | Noticed Nessos
 32577 | D:15     | Killed Kirke
 32609 | D:14     | Killed Nessos
 34079 | D:15     | Noticed Josephine
 34096 | D:15     | Killed Josephine
 34146 | D:15     | Identified the +0 tower shield of Volicrokh {Slay+2}
 34176 | D:15     | Noticed Azrael
 34216 | D:15     | Killed Azrael
 34856 | D:15     | Found a staircase to the Depths.
 35190 | Swamp:1  | Entered Level 1 of the Swamp
 35202 | Swamp:1  | Received a gift from Okawaru
 35241 | Swamp:1  | Reached skill level 26 in Invocations
 35788 | D:3      | Bought a scroll of teleportation for 81 gold pieces
 35788 | D:3      | Bought a scroll labelled TYIBBUVVUX for 27 gold pieces
 35789 | D:3      | Acquired the +0 pair of gloves of Lightning Storm {rF+}
 35829 | D:3      | Killed hashsling's ghost
 36051 | D:11     | Killed Akhlyck's ghost
 37449 | Swamp:2  | Reached skill level 1 in Ranged Weapons
 38316 | Swamp:2  | Identified the +1 leather armour of Pedoysorph {rElec rF-
                  | rN+ Int+6}
 40210 | Swamp:3  | Reached skill level 5 in Ranged Weapons
 41405 | Swamp:3  | Identified the +0 pair of gloves of the Big Bang {Rampage
                  | Str+3} (Okawaru gifted it to you on level 3 of the Swamp)
 41405 | Swamp:3  | Received a gift from Okawaru
 41425 | Swamp:3  | HP: 5/151 [spriggan rider/+0 spear (9)]
 42879 | Swamp:3  | Noticed Nikola
 42902 | Swamp:3  | Killed Nikola
 43264 | Swamp:4  | Entered Level 4 of the Swamp
 43292 | Swamp:3  | Reached XP level 17. HP: 158/158 MP: 34/34
 43533 | Swamp:4  | Reached skill level 1 in Dodging
 43547 | Swamp:4  | Noticed a tentacled monstrosity
 43916 | Swamp:3  | Killed a tentacled monstrosity
 45540 | Depths:1 | Entered Level 1 of the Depths
 48002 | Swamp:4  | Got a decaying rune of Zot
 48315 | Spider:1 | Entered Level 1 of the Spider Nest
 48925 | Spider:1 | Identified the +8 plate armour of Onoizifo {+Blink rPois
                  | Regen+} (Okawaru gifted it to you on level 1 of the Spider
                  | Nest)
 48925 | Spider:1 | Received a gift from Okawaru
 49989 | Spider:1 | Found a runed translucent door.
 50002 | Spider:1 | Noticed Brisketman's ghost (journeyman TrSh)
 50055 | Spider:1 | Killed Brisketman's ghost
 50056 | Spider:1 | Reached skill level 5 in Armour
 50333 | Spider:1 | Reached skill level 5 in Shields
 51012 | Spider:2 | Reached skill level 10 in Ranged Weapons
 52317 | Spider:2 | Reached XP level 18. HP: 57/166 MP: 30/35
 53159 | Spider:2 | Reached skill level 5 in Dodging
 54525 | Spider:3 | Identified the +0 ring mail of Duizasm {Will+} (Okawaru
                  | gifted it to you on level 3 of the Spider Nest)
 54525 | Spider:3 | Received a gift from Okawaru
 55865 | Spider:4 | Entered Level 4 of the Spider Nest
 56530 | Spider:4 | Paralysed by a jorogumo for 2 turns
 59896 | Spider:4 | Got a gossamer rune of Zot
 60722 | Depths:1 | Found Zin's Purification Station.
 60766 | Depths:1 | Reached XP level 19. HP: 172/172 MP: 36/36
 60854 | Depths:1 | Identified the +14 crystal plate armour of Inviolability
                  | {rC+ rN+ Int-5 Stlth+} (Okawaru gifted it to you on level 1
                  | of the Depths)
 60854 | Depths:1 | Received a gift from Okawaru
 61301 | Depths:1 | Found a gateway to Hell.
 61935 | Depths:2 | Found a one-way gateway to a ziggurat.
 62669 | Depths:2 | Received a gift from Okawaru
 63607 | Depths:2 | Found a one-way gate leading to the halls of Pandemonium.
 64143 | Depths:3 | Found a stormy altar of Qazlal.
 64376 | Depths:3 | Received a gift from Okawaru
 64442 | Depths:3 | Found a hide-covered altar of Uskayaw.
 64694 | Depths:3 | Noticed Sojobo
 64703 | Depths:3 | Identified the +6 spear of No Interval {flame, rElec rF+
                  | rCorr}
 64726 | Depths:3 | Paralysed by an air elemental for 1 turns
 64772 | Depths:3 | Killed Sojobo
 64860 | Depths:3 | Identified the +3 leather armour of the Iron City of Dis
                  | {Str+2}
 64895 | Depths:3 | Paralysed by a floating eye for 3 turns
 65300 | Depths:3 | Noticed Xtahua
 65307 | Depths:3 | Reached XP level 20. HP: 133/180 MP: 26/37
 65330 | Depths:3 | Killed Xtahua
 65379 | Depths:3 | Identified the +2 ring mail "Waiwkome" {+Blink rCorr Str+5
                  | Dex-5} (Okawaru gifted it to you on level 3 of the Depths)
 65379 | Depths:3 | Received a gift from Okawaru
 65886 | Depths:4 | Entered Level 4 of the Depths
 66811 | D:3      | Bought a scroll of enchant weapon for 202 gold pieces
 66811 | D:3      | Bought a scroll of fog for 108 gold pieces
 67035 | Orc:2    | Bought a scroll of enchant weapon for 127 gold pieces
 67451 | Depths:4 | Found an opulent altar of Gozag.
 67539 | Depths:4 | Reached skill level 15 in Ranged Weapons
 67684 | Depths:4 | Noticed a bone dragon
 67723 | Depths:4 | Killed a bone dragon
 67724 | Depths:4 | Reached skill level 10 in Armour
 67751 | Depths:4 | Noticed a juggernaut
 67753 | Depths:4 | Reached skill level 10 in Shields
 69032 | Depths:4 | Found a gate to the Realm of Zot.
 69360 | Depths:4 | Found a burning altar of Makhleb.
 69370 | Depths:4 | Identified the +3 gold dragon scales of Taun {Harm rPois
                  | rF+ rC+ Regen+ MP-9 Int+6} (Okawaru gifted it to you on
                  | level 4 of the Depths)
 69370 | Depths:4 | Received a gift from Okawaru
 69748 | Vaults:1 | Entered Level 1 of the Vaults
 69754 | Vaults:1 | Found Jasiseer's Armour Emporium.
 69794 | Vaults:1 | Bought a scarf of resistance for 704 gold pieces
 69846 | Vaults:1 | Reached skill level 1 in Necromancy
 69859 | Vaults:1 | Reached skill level 10 in Dodging
 70889 | Vaults:1 | Reached XP level 21. HP: 160/186 MP: 27/38
 71091 | Vaults:1 | Reached skill level 5 in Necromancy
 71286 | Vaults:1 | Found Juogu's Magic Scroll Emporium.
 71289 | Vaults:1 | Bought a scroll of acquirement for 884 gold pieces
 71289 | Vaults:1 | Acquired 1040 gold pieces
 71694 | Vaults:2 | Noticed Frederick
 71715 | Vaults:2 | Killed Frederick
 71790 | Vaults:2 | Received a gift from Okawaru
 71887 | Vaults:2 | HP: 8/187 [tengu reaver/bolt of acid (27)]
 71888 | Vaults:2 | Killed from afar by a frost giant

Illustrated notes

Levels and vault maps discovered:
D:1:      minmay_arrival_open_corners, layout_loops_ring
D:2:      layout_basic, serial_shops, shop, kennysheep_path_1,
          chequers_serial_rivers_small_b, uniq_sigmund
D:3:      layout_loops_ring, elyvilon_altar_1, mainiacjoe_overflow_big_doors,
          serial_shops, shop, nicolae_shop_hallway_plus,
          ebering_ghost_disaster_area, hangedman_decor_diamond_cutter
D:4:      layout_rooms, mainiacjoe_overflow_small_starburst, enter_ossuary_1,
          serial_co_window_serial, co_window_paths_b, co_window_cross_1,
          co_window_of_opportunity_a, co_window_of_opportunity_a,
          co_window_paths_a, co_window_paths_a, co_window_broadway_a,
          co_window_of_opportunity_c, co_window_of_opportunity_b,
          co_window_of_opportunity_c, glass_columns_b, glass_columns_a,
          uniq_robin
D:5:      layout_basic, minmay_temple_entry_proselytizer
D:6:      layout_rooms, grunt_decor_clamped, uniq_grinder
D:7:      wander_river, layout_basic, led_sif_book, overflow_temple_1_default,
          nemelex_dance_club_becter, enter_bailey_5, uniq_pikel
D:8:      layout_rooms, serial_shops, shop, uniq_joseph
D:9:      layout_cave_pools, mainiacjoe_overflow_alcove_2, serial_column_ruins,
          column_ruins_hut, column_ruins_corridor_straight,
          column_ruins_columns_straight, column_ruins_open_tiny,
          column_ruins_open_tiny, column_ruins_grid_1,
          column_ruins_columns_straight, hex_large, uniq_erolcha
D:10:     layout_gridville, kennysheep_orc_monster_closet_entryway,
          serial_shops, nicolae_lakefront_shop, minmay_radiant
D:11:     nicolae_moon_pools, layout_basic, gammafunk_ghost_spectres
D:12:     layout_basic, serial_shops, nicolae_shop_tiny_waterfront,
          nicolae_nh_vlads_tower
D:13:     minmay_shoctagon, layout_basic, skrybe_vaults_entry_preservation
D:14:     layout_stronghold, nicolae_ru_the_path_less_chosen, serial_shops,
          nicolae_shop_industrial_runoff, chequers_serial_rivers_marsh
D:15:     grunt_enter_depths_snipers, layout_basic, hangedman_decor_opposing,
          uniq_nessos, uniq_kirke, uniq_josephine, uniq_azrael
Lair:1:   layout_concentric_octagons
Lair:2:   layout_cave_pods, swamp_mist
Lair:3:   layout_roguey, spider_nest_entry_rubble, grunt_megastairs_5,
          serial_bayou_shore_b, serial_bayou_shore_a, uniq_nergalle, uniq_urug
Lair:4:   layout_roguey, beast_lair_carwin_11, grunt_megastairs_3
Lair:5:   hellmonk_lair_end_abyssal_woods, layout_gridlike,
          nicolae_slime_entry_slimehenge
Swamp:1:  layout_basic_swamp, hangedman_swamp_ruin_hall, swamp_pool1,
          nicolae_swamp_nymph_family_reunion, infiniplex_staircase_pool
Swamp:2:  nicolae_swamp_long_stream, layout_basic_swamp,
          evilmike_swamp_ruin_rubble_2, swamp_pool2, nicolae_swamp_bunyip_nook
Swamp:3:  layout_basic_swamp, hangedman_swamp_ruin_wall, swamp_pool1,
          uniq_nikola
Swamp:4:  swamp_basic_johnstein, layout_basic_swamp
Spider:1: layout_cave_pods, gammafunk_ghost_grave, spiders_nest_hornet_nest
Spider:2: layout_spider_delve, hangedman_spider_tarantella_strand
Spider:3: layout_spider_delve, drop_trap, dreamdust_wasp_nest
Spider:4: floodkiller_spider_rune_tomb
Orc:1:    layout_diamond_mine, nicolae_orc_pool_cavern
Orc:2:    grunt_orc_cross, layout_diamond_mine, gauntlet_entry_generic,
          serial_shops, shop, abandoned_shop, elf_legates, uniq_donald,
          uniq_saint_roka, uniq_maurice, uniq_rupert
Vaults:1: nicolae_vaults_little_squares_5, nicolae_vaults_tetromino_Z_2,
          v_alt_pattern_1, hangedman_vaults_restitches,
          hangedman_vaults_slither, v_rooms_2, v_misc_15, ontoclasm_vaults_chip,
          nicolae_vaults_weapon_check, nicolae_vaults_taking_the_gang_shopping,
          vaults_dpeg_cross, nicolae_vaults_tetromino_T_2,
          layout_vaults_omnicross, serial_shops, nicolae_shop_rolled_up
Vaults:2: nicolae_vaults_network_square, v_misc_3,
          nicolae_vaults_storing_the_good_stuff, nicolae_vaults_angled_halls,
          vaults_room_stairs_pillars, vaults_room_door_hall,
          ontoclasm_vaults_shuriken, layout_vaults_big_room, uniq_frederick
Depths:1: layout_big_octagon, serial_sigils, serial_sigils_hangedman_writhe,
          serial_sigils_hangedman_scar, serial_sigils_hangedman_etch,
          serial_sigils_hangedman_gut, serial_sigils_hangedman_carve,
          serial_sigils_hangedman_quiver, grunt_mini_vestibule, zin_purify,
          serial_bayou_shore_b
Depths:2: grunt_bruiser_brothers, layout_gridlike, enter_ziggurat_b,
          minmay_misc_feat_square, grunt_hell_entry_dis_mu,
          rand_demon_pan_entry_7
Depths:3: minmay_cut_squares, layout_basic, abyss_entry, hell_entry,
          nicolae_qazlal_general_emergency, nicolae_uskayaw_en_pointe,
          uniq_sojobo, uniq_xtahua
Depths:4: evilmike_zot_entry_diamond, layout_twisted_cross, hell_entry,
          nicolae_gozag_seed_capital, makhleb_altar_promises_db, uniq_boris

Skill      XL: |  1  2  3  4  5  6  7  8  9 10 11 12 13 14 15 16 17 18 19 20 21 |
---------------+----------------------------------------------------------------+-----
Invocations    | 1 2 4 5 6 8 10 13 15 17 19 21 23 25 26 | 26.6
Fighting       | 4 5 6 7 8 10 12 13 15 17 18 20 21 | 21.5
Ranged Weapons | 7 10 12 14 15 | 15.5
Armour         | 5 7 9 10 11 | 11.1
Dodging        | 4 7 8 10 | 10.6
Shields        | 5 7 9 10 | 10.3
Necromancy     | 4 6 |  6.5
Polearms       | |  1.7

Action                     |  1- 3 |  4- 6 |  7- 9 | 10-12 | 13-15 | 16-18 | 19-21 || total
---------------------------+-------+-------+-------+-------+-------+-------+-------++-------
  Melee: Trident           |    99 |       |   223 |    61 |   715 |   877 |       ||  1975
         Halberd           |       |   189 |   116 |       |       |       |       ||   305
         Kick              |       |       |    94 |   188 |   878 |  1148 |  1162 ||  3470
         Quarterstaff      |       |       |       |   445 |   736 |       |       ||  1181
         Broad axe         |       |       |       |       |   362 |       |       ||   362
         Demon whip        |       |       |       |       |   200 |   880 |  2059 ||  3139
         Scimitar          |       |       |       |       |       |    81 |       ||    81
         Punch             |       |       |       |       |       |     8 |       ||     8
         War axe           |       |       |       |       |       |   570 |       ||   570
         Spear             |       |       |       |       |       |       |    47 ||    47
   Fire: Longbow           |       |       |       |       |       |   134 |       ||   134
  Throw: Dart              |       |       |     1 |       |    23 |    14 |       ||    38
 Invoke: Heroism           |       |       |     3 |     2 |    17 |    24 |    19 ||    65
         Finesse           |       |       |       |       |     6 |    10 |     7 ||    23
  Evoke: Wand              |       |       |       |       |     8 |     5 |       ||    13
    Use: Potion            |     1 |     3 |     1 |     2 |    15 |    14 |     7 ||    43
         Scroll            |       |     5 |     6 |     2 |    27 |    11 |     4 ||    55
   Stab: Invisible         |       |       |       |       |    11 |       |     2 ||    13
         Distracted        |       |       |       |       |       |     1 |       ||     1
 Armour: Scale mail        |    35 |       |       |       |   198 |  1177 |       ||  1410
         Ring mail         |     4 |   142 |   195 |   334 |    92 |       |       ||   767
         Swamp dragon scal |       |       |       |       |  1098 |       |       ||  1098
         Plate armour      |       |       |       |       |       |  1705 |    16 ||  1721
         Crystal plate arm |       |       |       |       |       |       |  1285 ||  1285
         Gold dragon scale |       |       |       |       |       |       |   313 ||   313
  Dodge: Dodged            |    41 |   177 |   198 |   447 |  1487 |  2131 |   867 ||  5348
  Block: Buckler           |    18 |       |   121 |    33 |   582 |       |       ||   754
         Other             |       |    72 |    21 |    94 |   168 |   112 |       ||   467
         Kite shield       |       |       |       |       |   292 |  2556 |  1623 ||  4471
         Reflection        |       |       |       |       |    10 |    27 |    17 ||    54

Table legend: (Time is in decaauts)
 A = Elapsed time spent in this place.
 B = Non-inter-level travel time spent in this place.
 C = Inter-level travel time spent in this place.
 D = Time resting spent in this place.
 E = Time spent auto-exploring this place.
 F = Levels seen in this place.
 G = Mean time per level.
                   A        B        C        D        E       F      G
               +--------+--------+--------+--------+--------+-----+--------+
         Total |  74005 |  68388 |   5617 |  24942 |  25313 |  38 | 1947.5 |
       Dungeon |  24662 |  21560 |   3102 |   5987 |  10049 |  15 | 1644.1 |
          Lair |  10530 |   9505 |   1025 |   2226 |   4896 |   5 | 2106.0 |
         Swamp |  10733 |  10326 |    407 |   5661 |   2529 |   4 | 2683.2 |
   Spider Nest |  11923 |  11651 |    272 |   6611 |   2196 |   4 | 2980.8 |
  Orcish Mines |   5165 |   4887 |    278 |   2453 |   1168 |   2 | 2582.5 |
        Vaults |   2108 |   2072 |     36 |    153 |   1081 |   2 | 1054.0 |
        Depths |   8380 |   7885 |    495 |   1715 |   3346 |   4 | 2095.0 |
       Ossuary |     80 |     80 |      0 |      0 |      0 |   1 |   80.0 |
        Bailey |    421 |    421 |      0 |    135 |     47 |   1 |  421.0 |
               +--------+--------+--------+--------+--------+-----+--------+

Top non-repeatable levels by time:
 Swamp:3: 4564 daAuts
    D:15: 3571 daAuts
Spider:2: 3386 daAuts
Spider:4: 3341 daAuts
    D:13: 3023 daAuts
    D:14: 3016 daAuts
 Swamp:2: 2915 daAuts
Spider:3: 2834 daAuts
  Lair:5: 2726 daAuts
   Orc:1: 2722 daAuts
Depths:3: 2684 daAuts
    D:12: 2566 daAuts
   Orc:2: 2442 daAuts
Depths:2: 2431 daAuts
Spider:1: 2360 daAuts
